 Dungeon Crawl Stone Soup version 0.19-a0-805-g0a78ef0 (webtiles) character file.

1640463 magipi the Grand Gadgeteer (level 25, 215/215 HPs)
             Began as a Minotaur Artificer on June 21, 2016.
             Was the Champion of Pakellas.
             Escaped with the Orb
             ... and 3 runes on June 27, 2016!
             The game lasted 07:49:14 (69886 turns).

magipi the Grand Gadgeteer (Minotaur Artificer)    Turns: 69886, Time: 07:49:15

Health: 215/215    AC: 42    Str: 29    XL:     25   Next: 77%
Magic:  27/34      EV: 27    Int:  5    God:    Pakellas [******]
Gold:   4480       SH:  0    Dex: 31    Spells: 0 memorised, 24 levels left

rFire  + + .     SeeInvis +     a - +7 great mace "Firestarter" {inner flame, rF++}
rCold  + . .     Gourm    .     T - +8 plate armour "Yzycs" {+Blink SInv}
rNeg   + . .     Faith    .     (shield currently unavailable)
rPois  +         Spirit   .     R - +2 hat
rElec  .         Dismiss  .     K - +2 cloak of the Farrier {-Cast Str+3 Dex+7}
rCorr  .         Reflect  .     D - +2 pair of gloves
SustAt .         Harm     .     h - +2 pair of boots "Geutru" {Str+2 Slay+3}
MR     ++...     Rnd*Rage +     F - amulet of Ceidott {Regen+ Str+3}
Stlth  .......... NoCast   +    m - ring of Roamyan {rPois MR+}
                                N - ring "Tusutom" {rC+ rN+ Dex+6 Slay+3}

@: very slightly contaminated, very resistant to hostile enchantments, extremely
unstealthy
A: retaliatory headbutt, horns 2, slimy green scales 1, berserk 1, blurry vision
3, deterioration 1, dopey 2, frail 1, low mp 1
a: Quick Charge, Device Surge, Supercharge, Renounce Religion, Evoke Blink
0: Orb of Zot
}: 3/15 runes: decaying, serpentine, slimy


You escaped.
You worshipped Pakellas.
Pakellas was exalted by your worship.
You were full.

You visited 10 branches of the dungeon, and saw 51 of its levels.
You visited 1 ziggurat, and saw 11 of its levels.
You also visited: Trove.

You collected 5415 gold pieces.
You spent 935 gold pieces at shops.

Notes
Turn   | Place    | Note
--------------------------------------------------------------
     0 | D:1      | magipi the Minotaur Artificer began the quest for the Orb.
     0 | D:1      | Reached XP level 1. HP: 16/16 MP: 1/1
   166 | D:1      | Reached XP level 2. HP: 19/24 MP: 3/3
   233 | D:1      | Reached skill level 3 in Evocations
  1034 | D:2      | Reached XP level 3. HP: 28/30 MP: 4/4
  1458 | D:2      | Reached XP level 4. HP: 35/38 MP: 5/5
  2471 | D:3      | Noticed magipi's ghost (amateur MiAr)
  2561 | D:4      | Found a staircase to the Ecumenical Temple.
  2566 | Temple   | Entered the Ecumenical Temple
  2677 | Temple   | Became a worshipper of Pakellas the Inventive
  2854 | D:4      | Reached skill level 4 in Evocations
  2854 | D:4      | Reached XP level 5. HP: 47/47 MP: 5/7
  3030 | D:4      | Reached skill level 5 in Fighting
  3086 | D:4      | Noticed tstbtto's ghost (amateur MiFi)
  3230 | D:4      | Noticed a phantom
  3247 | D:4      | Noticed an ogre
  3307 | D:4      | Found a radiant altar of Vehumet.
  3307 | D:4      | Noticed a charred statue
  3337 | D:4      | Gained mutation: Your magical capacity is low. (-10% MP) [potion of mutation]
  3337 | D:4      | Gained mutation: You have large cloven feet. [potion of mutation]
  3337 | D:4      | Gained mutation: You possess an exceptional clarity of mind. [potion of mutation]
  3350 | D:4      | Reached XP level 6. HP: 23/56 MP: 7/7
  3453 | D:4      | Reached skill level 5 in Evocations
  3860 | D:3      | Reached * piety under Pakellas
  3860 | D:3      | Received a gift from Pakellas
  3900 | D:4      | Found a glowing silver altar of Zin.
  3921 | D:5      | Entered Level 5 of the Dungeon
  4001 | D:5      | Noticed Edmund
  4146 | D:5      | Reached skill level 6 in Evocations
  4520 | D:5      | Reached XP level 7. HP: 55/61 MP: 4/9
  4585 | D:6      | Reached skill level 7 in Evocations
  4619 | D:6      | Found a bloodstained altar of Trog.
  4677 | D:6      | Got an ancient cloak
  4683 | D:6      | Identified the +2 cloak of the Farrier {-Cast Str+3 Dex+7} (You found it on level 6 of the Dungeon)
  5143 | D:6      | Reached skill level 8 in Evocations
  5143 | D:6      | Reached XP level 8. HP: 53/68 MP: 4/11
  5312 | D:5      | Killed Edmund
  5362 | D:4      | Reached ** piety under Pakellas
  5362 | D:4      | Received a gift from Pakellas
  5640 | D:5      | Reached skill level 1 in Maces & Flails
  5690 | D:5      | Reached skill level 9 in Evocations
  6590 | D:7      | Reached XP level 9. HP: 50/74 MP: 13/13
  6757 | D:7      | Reached skill level 5 in Maces & Flails
  7058 | D:8      | Reached *** piety under Pakellas
  7058 | D:8      | Received a gift from Pakellas
  7069 | D:8      | Reached skill level 10 in Evocations
  7295 | D:8      | Noticed a centaur warrior
  7318 | D:8      | Killed a centaur warrior
  7798 | D:8      | Noticed a cyclops
  7798 | D:8      | Noticed a tengu conjurer
  8062 | D:9      | Reached skill level 11 in Evocations
  8062 | D:9      | Reached XP level 10. HP: 63/81 MP: 15/15
  8302 | D:9      | Found Ahop's Armour Emporium.
  8304 | D:9      | Found a staircase to the Orcish Mines.
  8339 | D:9      | Found Miwipn's Weapon Emporium.
  8343 | D:9      | Bought a +0 pair of boots for 63 gold pieces
  8411 | D:9      | Reached **** piety under Pakellas
  8411 | D:9      | Received a gift from Pakellas
  8505 | D:9      | Found a white marble altar of Elyvilon.
  8867 | D:10     | Entered Level 10 of the Dungeon
  8880 | D:10     | Noticed a hill giant
  8971 | D:10     | Noticed a hill giant
  8995 | D:10     | Killed a hill giant
  8995 | D:10     | Reached skill level 10 in Maces & Flails
  9532 | D:10     | Found a staircase to the Lair.
  9555 | D:10     | Reached skill level 12 in Evocations
  9600 | D:10     | Noticed Erica
  9604 | D:10     | Killed Erica
  9614 | D:10     | Reached XP level 11. HP: 81/86 MP: 17/17
  9621 | D:10     | Killed a hill giant
  9824 | Lair:1   | Entered Level 1 of the Lair of Beasts
  9847 | Lair:1   | Reached ***** piety under Pakellas
  9847 | Lair:1   | Received a gift from Pakellas
 10585 | Lair:1   | Reached skill level 1 in Armour
 11709 | Lair:3   | Noticed Daviar's ghost (journeyman TeBe)
 11709 | Lair:3   | Noticed tstbtto's ghost (journeyman GrFi)
 11923 | Lair:3   | Reached skill level 13 in Evocations
 12480 | Lair:3   | Reached skill level 5 in Armour
 13107 | Lair:4   | Got a sparkling jade ring
 13148 | Lair:4   | Reached XP level 12. HP: 95/101 MP: 13/18
 13435 | Lair:4   | Found a staircase to the Swamp.
 13623 | Lair:4   | Noticed a seven-headed hydra
 14771 | Lair:5   | Reached skill level 10 in Fighting
 14803 | Lair:5   | Reached skill level 14 in Evocations
 15032 | Lair:5   | Upgraded the game from 0.19-a0-722-g27ac516 to 0.19-a0-734-ge18daf0
 15087 | Lair:6   | Entered Level 6 of the Lair of Beasts
 15094 | Lair:6   | Noticed an eight-headed hydra
 15110 | Lair:6   | Killed an eight-headed hydra
 15117 | Lair:6   | Noticed a six-headed hydra
 15631 | Lair:6   | Found a staircase to the Slime Pits.
 15753 | Lair:6   | Noticed a four-headed hydra
 15776 | Lair:6   | Killed a four-headed hydra
 15974 | Lair:4   | Reached XP level 13. HP: 113/113 MP: 16/20
 16331 | D:10     | Noticed Fannar
 16586 | D:4      | Reached ****** piety under Pakellas
 16678 | D:4      | Identified the ring of Ughotof {Str+5 Dex+5} (You found it on level 4 of the Lair of Beasts)
 16831 | D:3      | Killed magipi's ghost
 16989 | D:4      | Killed tstbtto's ghost
 17224 | D:10     | Reached skill level 10 in Armour
 17275 | D:10     | Noticed Nergalle
 17353 | D:10     | Noticed Maud
 17413 | D:9      | Bought a +3 scale mail of cold resistance for 364 gold pieces
 17431 | Orc:1    | Entered Level 1 of the Orcish Mines
 17433 | Orc:1    | Paralysed by an orc sorcerer for 6 turns
 17959 | Orc:1    | Noticed Snorg
 17981 | Orc:1    | Killed Snorg
 18294 | Orc:1    | You fall through a shaft!
 18294 | Orc:2    | Entered Level 2 of the Orcish Mines
 18332 | Orc:1    | Found a roughly hewn altar of Beogh.
 18574 | Orc:2    | Found a roughly hewn altar of Beogh.
 18772 | Orc:2    | Found a roughly hewn altar of Beogh.
 18801 | Orc:2    | Noticed Josephine
 18821 | Orc:2    | Killed Josephine
 19194 | Orc:2    | Found a roughly hewn altar of Beogh.
 19208 | Orc:2    | Found Jerere's Food Shop.
 19241 | Orc:2    | Found a roughly hewn altar of Beogh.
 19339 | Orc:2    | Found a roughly hewn altar of Beogh.
 19420 | Orc:2    | Found a staircase to the Elven Halls.
 19603 | Orc:2    | Reached skill level 15 in Evocations
 19609 | Orc:2    | Found a roughly hewn altar of Beogh.
 19613 | Orc:2    | Found Fyijitwyat's General Store.
 19619 | Orc:2    | Bought a potion of heal wounds for 60 gold pieces
 19703 | Orc:2    | Found a roughly hewn altar of Beogh.
 20141 | Orc:2    | Noticed an orc warlord
 20580 | Orc:2    | Found Nidar's Antique Armour Emporium.
 20584 | Orc:2    | Found a roughly hewn altar of Beogh.
 20587 | Orc:2    | Found Hyoqet's Antique Weapon Shoppe.
 20601 | Orc:2    | Bought a pair of glowing boots for 144 gold pieces
 20601 | Orc:2    | Bought a brightly glowing chain mail for 304 gold pieces
 20643 | Orc:1    | Identified the cursed +1 chain mail "Xisocaf" {+Fly Dex-3 SInv} (You bought it in a shop on level 2 of the Orcish Mines)
 20781 | D:10     | Killed Fannar
 21533 | D:12     | Noticed Kirke
 21653 | Lair:3   | Killed Daviar's ghost
 21888 | Lair:3   | Found a staircase to the Snake Pit.
 22008 | Lair:3   | Noticed Rupert
 22025 | Snake:1  | Entered Level 1 of the Snake Pit
 22367 | Snake:1  | Identified a scroll of acquirement
 22461 | Snake:1  | Noticed Louise
 22821 | Snake:1  | Reached XP level 14. HP: 54/122 MP: 1/22
 23567 | Snake:1  | Reached skill level 5 in Dodging
 24725 | Snake:1  | Upgraded the game from 0.19-a0-734-ge18daf0 to 0.19-a0-790-ge39e1af
 24880 | Swamp:1  | Entered Level 1 of the Swamp
 24995 | Swamp:1  | Noticed a thorn hunter
 25012 | Swamp:1  | You fall through a shaft!
 25012 | Swamp:2  | Noticed a thorn hunter
 25274 | Swamp:1  | Killed a thorn hunter
 25274 | Swamp:1  | Reached skill level 16 in Evocations
 25766 | D:10     | Killed Nergalle
 26102 | D:10     | Killed Maud
 26505 | D:11     | Paralysed by a wasp for 2 turns
 27549 | D:13     | Found a portal to a secret trove of treasure.
 28499 | Snake:2  | Noticed a greater naga
 29079 | Snake:1  | Reached XP level 15. HP: 100/134 MP: 2/23
 29813 | Swamp:2  | Killed a thorn hunter
 30308 | D:13     | You paid a toll of a +6 demon trident to enter a treasure trove
 30309 | Trove    | Entered a treasure trove
 30312 | Trove    | Got a sparkling brass ring
 30314 | Trove    | Identified the ring "Ucluj" {EV+4 Str+2} (You found it in a treasure trove)
 30329 | Trove    | Got a flickering bronze ring
 30336 | Trove    | Got a brightly glowing ivory amulet
 30343 | Trove    | Got a bound bone amulet
 30350 | Trove    | Identified the amulet "Toxoc" {Spirit rC+ MR+} (You found it in a treasure trove)
 30353 | Trove    | Identified the amulet of Egomania {Spirit MR++ Int-5} (You found it in a treasure trove)
 30358 | Trove    | Got a translucent brass amulet
 30359 | Trove    | Identified the amulet of Bacera {Dismiss rC- rN+ Str+3} (You found it in a treasure trove)
 30364 | Trove    | Got a slimy sapphire amulet
 30365 | Trove    | Identified the amulet of Ceidott {Regen+ Str+3} (You found it in a treasure trove)
 30371 | Trove    | Got a warped golden amulet
 30377 | Trove    | Identified the ring of Roamyan {rPois MR+} (You found it in a treasure trove)
 30540 | D:8      | Noticed Pikel
 30551 | D:8      | Killed Pikel
 30688 | D:8      | Got a twisted plate armour
 30699 | D:8      | Identified the +8 plate armour "Yzycs" {+Blink SInv} (You found it on level 8 of the Dungeon)
 31242 | Snake:1  | Killed Louise
 32072 | Snake:2  | Noticed a greater naga
 32082 | Snake:2  | Killed a greater naga
 32259 | Snake:3  | Identified the amulet "Elash" {Harm *Drain +Fly rC- Str+3} (You found it in a treasure trove)
 32794 | Snake:4  | Entered Level 4 of the Snake Pit
 32795 | Snake:4  | Found Arry's Armour Shop.
 33004 | Snake:4  | Noticed tstbtto's ghost (adept DDFi)
 33624 | Lair:4   | Reached skill level 10 in Dodging
 34068 | Lair:6   | Reached skill level 17 in Evocations
 34952 | Lair:6   | Got a faintly glowing copper ring
 35341 | D:14     | Found a gate to the Vaults.
 36245 | D:15     | Entered Level 15 of the Dungeon
 36304 | D:15     | Got a sparkling turquoise ring
 36392 | D:15     | Reached XP level 16. HP: 131/147 MP: 15/24
 36462 | D:15     | Found a staircase to the Depths.
 36586 | D:15     | Found a white marble altar of Elyvilon.
 37211 | D:13     | Noticed Azrael
 37852 | Swamp:2  | Reached skill level 1 in Shields
 38254 | Swamp:2  | Got a pair of transparent boots
 38255 | Swamp:2  | Identified the +2 pair of boots "Geutru" {Str+2 Slay+3} (You found it on level 2 of the Swamp)
 38398 | Swamp:2  | Reached skill level 15 in Fighting
 38548 | Swamp:3  | Identified the ring "Tusutom" {rC+ rN+ Dex+6 Slay+3} (You found it on level 6 of the Lair of Beasts)
 38550 | Swamp:3  | Identified the ring "Gicrafis" {rPois rF+} (You found it on level 15 of the Dungeon)
 38950 | Swamp:3  | Noticed Donald
 38958 | Swamp:3  | Killed Donald
 39149 | Swamp:4  | Entered Level 4 of the Swamp
 39532 | Swamp:4  | Reached skill level 5 in Shields
 39762 | Swamp:4  | Got a decaying rune of Zot
 39971 | Lair:3   | Killed Rupert
 39971 | Lair:3   | Reached skill level 18 in Evocations
 40959 | Snake:3  | Reached XP level 17. HP: 154/156 MP: 12/26
 41620 | Snake:4  | Reached skill level 19 in Evocations
 42040 | Snake:4  | Killed tstbtto's ghost
 42549 | Snake:4  | Reached skill level 20 in Evocations
 42830 | Snake:4  | Got a serpentine rune of Zot
 43141 | Vaults:1 | Entered Level 1 of the Vaults
 43152 | Vaults:1 | Noticed Nikola
 43161 | Vaults:1 | Killed Nikola
 43992 | Vaults:1 | Reached XP level 18. HP: 117/163 MP: 26/28
 44036 | Vaults:1 | Reached skill level 21 in Evocations
 44496 | Vaults:1 | Found Koblyix's Armour Boutique.
 46536 | Vaults:2 | Noticed Saint Roka
 46550 | Vaults:2 | Killed Saint Roka
 47750 | Vaults:3 | Found a staircase to the Crypt.
 47790 | Vaults:3 | Reached XP level 19. HP: 170/170 MP: 29/29
 47816 | Vaults:3 | Reached skill level 22 in Evocations
 49584 | Vaults:4 | Reached skill level 15 in Armour
 50104 | Vaults:4 | Found Wotaypnu's Armour Boutique.
 50829 | Depths:1 | Entered Level 1 of the Depths
 51048 | Depths:1 | Found a gateway to a ziggurat.
 51203 | Depths:1 | Reached skill level 15 in Dodging
 51372 | Depths:1 | Found a gateway to Hell.
 51547 | Depths:1 | Reached XP level 20. HP: 178/178 MP: 30/30
 51556 | Depths:1 | Noticed a golden dragon
 51611 | Depths:1 | Killed a golden dragon
 51821 | Depths:1 | Found a one-way gate to the infinite horrors of the Abyss.
 52044 | Depths:1 | Reached skill level 23 in Evocations
 52067 | Depths:1 | Found a one-way gate leading to the halls of Pandemonium.
 53435 | Depths:2 | Noticed a caustic shrike
 53448 | Depths:2 | Killed a caustic shrike
 54335 | Depths:3 | Reached skill level 24 in Evocations
 55095 | Depths:3 | Noticed a juggernaut
 55405 | Depths:2 | Reached XP level 21. HP: 184/184 MP: 32/32
 55915 | Depths:3 | Got a shimmering scale mail
 55916 | Depths:3 | Identified the +5 scale mail "Biasm" {rF+ MR+ rCorr Stlth+} (You found it on level 3 of the Depths)
 56808 | Depths:4 | Killed a juggernaut
 56808 | Depths:4 | Reached skill level 25 in Evocations
 57200 | Depths:4 | Noticed a caustic shrike
 57200 | Depths:4 | Noticed a caustic shrike
 57201 | Depths:4 | Noticed a caustic shrike
 57201 | Depths:4 | Noticed a caustic shrike
 57250 | Depths:4 | Killed a caustic shrike
 57259 | Depths:5 | Entered Level 5 of the Depths
 57861 | Depths:5 | Paralysed by a great orb of eyes for 4 turns
 58077 | Depths:5 | Upgraded the game from 0.19-a0-790-ge39e1af to 0.19-a0-805-g0a78ef0
 58251 | Depths:5 | Noticed a golden dragon
 58255 | Depths:5 | Noticed a golden dragon
 58353 | Depths:3 | Killed a caustic shrike
 58669 | D:13     | Killed Azrael
 58779 | D:12     | Killed Kirke
 59067 | D:8      | Noticed Joseph
 59079 | D:8      | Killed Joseph
 59448 | Slime:1  | Entered Level 1 of the Pits of Slime
 59482 | Slime:1  | Gained mutation: Your body sometimes deteriorates upon taking damage. [a shining eye]
 59484 | Slime:1  | Lost mutation: Your body sometimes deteriorates upon taking damage. [a shining eye]
 59498 | Slime:1  | Found a viscous altar of Jiyva.
 59619 | Slime:2  | Gained mutation: You expend magic power (3 MP) to strengthen your wands. [a shining eye]
 59745 | Slime:4  | Gained mutation: Your body sometimes deteriorates upon taking damage. [a shining eye]
 59762 | Slime:4  | Reached XP level 22. HP: 133/194 MP: 4/33
 59852 | Slime:5  | Entered Level 5 of the Pits of Slime
 59888 | Slime:5  | Noticed the Royal Jelly
 59910 | Slime:5  | Found a viscous altar of Jiyva.
 61043 | Slime:5  | Killed the Royal Jelly
 61389 | Slime:5  | Got a slimy rune of Zot
 61784 | Zig:1    | Entered Level 1 of a ziggurat
 61810 | Zig:2    | Entered Level 2 of a ziggurat
 61856 | Zig:3    | Entered Level 3 of a ziggurat
 61954 | Zig:4    | Entered Level 4 of a ziggurat
 61997 | Zig:4    | Got a transparent turquoise ring
 61998 | Zig:4    | Identified the ring "Xumump" {MR+ Dex+3} (You found it on level 4 of a ziggurat)
 62001 | Zig:4    | Identified Further Steps in Witchcraft
 62035 | Zig:5    | Entered Level 5 of a ziggurat
 62040 | Zig:5    | Noticed Heonos the pandemonium lord
 62056 | Zig:5    | Killed Heonos the pandemonium lord
 62056 | Zig:5    | Reached skill level 15 in Maces & Flails
 62251 | Zig:6    | Entered Level 6 of a ziggurat
 62267 | Zig:6    | Gained mutation: You are frail. (-10% HP) [a shining eye]
 62302 | Zig:6    | Got a steaming iron ring
 62326 | Zig:7    | Entered Level 7 of a ziggurat
 62493 | Zig:7    | Identified the ring "Tusmesad" {MP+9 Slay+2 Stlth+} (You found it on level 6 of a ziggurat)
 62512 | Zig:8    | Entered Level 8 of a ziggurat
 62686 | Zig:9    | Entered Level 9 of a ziggurat
 62858 | Zig:9    | Lost mutation: You are frail. (-10% HP) [potion of cure mutation]
 62858 | Zig:9    | Lost mutation: Your body sometimes deteriorates upon taking damage. [potion of cure mutation]
 62858 | Zig:9    | Lost mutation: Your magical capacity is low. (-10% MP) [potion of cure mutation]
 62858 | Zig:9    | Lost mutation: You have large cloven feet. [potion of cure mutation]
 62883 | Zig:10   | Entered Level 10 of a ziggurat
 62951 | Zig:10   | Got a translucent eveningstar
 62952 | Zig:10   | Identified the cursed +3 eveningstar of Aleok {crush, +Blink rElec} (You found it on level 10 of a ziggurat)
 62979 | Zig:10   | Got a twisted plate armour
 62980 | Zig:10   | Identified the cursed +1 plate armour "Wuexza" {rCorr Stlth+} (You found it on level 10 of a ziggurat)
 62987 | Zig:10   | Identified the Guide on the Sinister Snowflakes (You found it on level 10 of a ziggurat)
 63015 | Zig:11   | Entered Level 11 of a ziggurat
 63027 | Zig:11   | Noticed Hetoga the pandemonium lord
 63159 | Depths:1 | Lost mutation: You possess an exceptional clarity of mind. [potion of cure mutation]
 63159 | Depths:1 | Lost mutation: You expend magic power (3 MP) to strengthen your wands. [potion of cure mutation]
 63160 | Depths:1 | Gained mutation: You are partially covered in slimy green scales. (AC +2) [potion of beneficial mutation]
 63231 | Depths:4 | Killed a caustic shrike
 63437 | Depths:4 | Noticed a juggernaut
 63478 | Depths:4 | Killed a caustic shrike
 63478 | Depths:4 | Reached XP level 23. HP: 189/209 MP: 32/38
 63485 | Depths:4 | Killed a juggernaut
 63986 | Depths:5 | Found a gate to the Realm of Zot.
 64479 | Zot:1    | Entered Level 1 of the Realm of Zot
 65841 | Zot:3    | Noticed a Killer Klown
 65860 | Zot:3    | Killed a Killer Klown
 66608 | Zot:3    | Noticed a curse toe
 66625 | Zot:3    | Killed a curse toe
 66625 | Zot:3    | Reached XP level 24. HP: 121/222 MP: 16/38
 67070 | Zot:3    | Noticed an orb of fire
 67081 | Zot:3    | Gained mutation: You are dopey. (Int -2) [an orb of fire]
 67084 | Zot:3    | Gained mutation: You are very dopey. (Int -4) [an orb of fire]
 67085 | Zot:3    | Killed an orb of fire
 67816 | Zot:5    | Entered Level 5 of the Realm of Zot
 68333 | Zot:5    | Noticed an ancient lich
 68340 | Zot:5    | Killed an ancient lich
 68690 | Zot:5    | Noticed an orb of fire
 68691 | Zot:5    | Noticed an ancient lich
 68707 | Zot:5    | Noticed an ancient lich
 68710 | Zot:5    | Gained mutation: Your body sometimes deteriorates upon taking damage. [an orb of fire]
 68712 | Zot:5    | Killed an orb of fire
 68712 | Zot:5    | Reached XP level 25. HP: 191/235 MP: 35/38
 68720 | Zot:5    | Killed an ancient lich
 68727 | Zot:5    | Killed an ancient lich
 68798 | Zot:5    | Noticed an ancient lich
 68810 | Zot:5    | Killed an ancient lich
 68820 | Zot:5    | Noticed an ancient lich
 68830 | Zot:5    | Killed an ancient lich
 68843 | Zot:5    | Noticed an orb of fire
 68854 | Zot:5    | Gained mutation: You tend to lose your temper in combat. [an orb of fire]
 68859 | Zot:5    | Killed an orb of fire
 68984 | Zot:5    | Noticed an ancient lich
 69000 | Zot:5    | Killed an ancient lich
 69195 | Zot:5    | Got the Orb of Zot
 69220 | Zot:5    | Noticed Qissacs the pandemonium lord
 69333 | Zot:3    | Noticed Ehyuci the pandemonium lord
 69336 | Zot:3    | Gained mutation: Scrolls take you a little longer to read. [a neqoxec]
 69341 | Zot:3    | Gained mutation: Your magical capacity is low. (-10% MP) [a neqoxec]
 69347 | Zot:3    | Noticed Ciaphink the pandemonium lord
 69349 | Zot:3    | Gained mutation: Scrolls take you longer to read. [a cacodemon]
 69490 | Depths:5 | Gained mutation: Scrolls take you much longer to read. [mutagenic glow]
 69614 | D:13     | Gained mutation: You are frail. (-10% HP) [mutagenic glow]
 69886 | D:$      | Escaped with the Orb!

Inventory:

Hand Weapons
 a - the +7 great mace "Firestarter" (weapon) {inner flame, rF++}
   (You found it on level 5 of the Pits of Slime)

   It has been specially enchanted to burn those struck by it, causing extra
   injury to most foes and up to half again as much damage against particularly
   susceptible opponents.
   It greatly protects you from fire.
 b - a +5 blowgun
 w - the +3 eveningstar of Aleok {crush, +Blink rElec}
   (You found it on level 10 of a ziggurat)

   It inflicts extra damage upon your enemies.
   It insulates you from electricity.
   It lets you blink.
Missiles
 e - 4 curare-tipped needles
Armour
 d - the +5 scale mail "Biasm" {rF+ MR+ rCorr Stlth+}
   (You found it on level 3 of the Depths)

   It protects you from fire.
   It affects your resistance to hostile enchantments.
   It protects you from acid and corrosion.
   It makes you more stealthy.
 h - the +2 pair of boots "Geutru" (worn) {Str+2 Slay+3}
   (You found it on level 2 of the Swamp)

   It affects your strength (+2).
   It affects your accuracy and damage with ranged weapons and melee attacks
   (+3).
 D - a +2 pair of gloves (worn)
 K - the +2 cloak of the Farrier (worn) {-Cast Str+3 Dex+7}
   (You found it on level 6 of the Dungeon)

   It affects your strength (+3).
   It affects your dexterity (+7).
   It prevents spellcasting.
 R - a +2 hat (worn)
 T - the +8 plate armour "Yzycs" (worn) {+Blink SInv}
   (You found it on level 8 of the Dungeon)

   It lets you see invisible.
   It lets you blink.
Rods
 v - a +4 lightning rod (9/9)
   (Pakellas gifted it to you on level 1 of the Lair of Beasts)
 B - a +4 iron rod (10/10)
   (You found it on level 5 of a ziggurat)
Jewellery
 f - the ring "Gicrafis" {rPois rF+}
   (You found it on level 15 of the Dungeon)

   [ring of protection from fire]

   It protects you from fire.
   It protects you from poison.
 k - an uncursed ring of flight
 m - the ring of Roamyan (right hand) {rPois MR+}
   (You found it in a treasure trove)

   [ring of protection from magic]

   It protects you from poison.
   It affects your resistance to hostile enchantments.
 F - the amulet of Ceidott (around neck) {Regen+ Str+3}
   (You found it in a treasure trove)

   [amulet of regeneration]

   It affects your strength (+3).
   It increases your rate of regeneration.
 N - the ring "Tusutom" (left hand) {rC+ rN+ Dex+6 Slay+3}
   (You found it on level 6 of the Lair of Beasts)

   [ring of positive energy]

   It affects your dexterity (+6).
   It affects your accuracy and damage with ranged weapons and melee attacks
   (+3).
   It protects you from cold.
   It protects you from negative energy.
Wands
 i - a wand of heal wounds (7/9)
 q - a wand of hasting (2/9)
 t - a wand of teleportation (5/9)
 M - a wand of paralysis (20/24)
 P - a wand of disintegration (21/24)
 W - a wand of acid (5/15)
 Z - a wand of polymorph (12/24)
Scrolls
 j - 3 scrolls of fear
 n - a scroll of silence
 o - 14 scrolls of identify
 r - 4 scrolls of vulnerability
 x - 6 scrolls of fog
 y - 3 scrolls of enchant armour
 z - a scroll of blinking
 G - 11 scrolls of remove curse
 I - 2 scrolls of enchant weapon
 X - 12 scrolls of recharging
Potions
 c - a potion of agility
 g - a potion of flight
 l - 2 potions of resistance
 p - 4 potions of heal wounds
 u - a potion of might
 J - a potion of haste
 L - 13 potions of curing
 O - 4 potions of cancellation
 Q - 35 potions of magic
 Y - 5 potions of berserk rage
Miscellaneous
 C - 2 phantom mirrors
 E - a phial of floods
 U - a lamp of fire
Comestibles
 s - 9 meat rations
 S - 10 bread rations


   Skills:
 + Level 22.3 Fighting
   Level 1.1 Short Blades
 - Level 20.1 Maces & Flails
 + Level 19.9 Armour
 + Level 18.8 Dodging
 - Level 0.7 Stealth
   Level 5.0 Shields
 - Level 25.5 Evocations


You had 24 spell levels left.
You didn't know any spells.

Dungeon Overview and Level Annotations

Branches:
Dungeon (15/15)            Temple (1/1) D:4            Lair (6/6) D:10
  Swamp (4/4) Lair:4        Snake (4/4) Lair:3        Slime (5/5) Lair:6
    Orc (2/2) D:9             Elf (0/3) Orc:2        Vaults (4/5) D:14
  Crypt (0/3) Vaults:3     Depths (5/5) D:15            Zot (5/5) Depths:5

Altars:
Ashenzari
Cheibriados
Dithmenos
Elyvilon
Fedhas
Gozag
Hepliaklqana
Kikubaaqudgha
Makhleb
Nemelex Xobeh
Okawaru
Pakellas
Qazlal
Ru
Sif Muna
Trog
Uskayaw
Vehumet
Xom
Yredelemnul
Zin
The Shining One
Beogh
Jiyva

Shops:
D:9 ([   Orc:2 *[(%   Snake:4 [   Vaults:1 [   Vaults:4 [

Portals:
Hell: Depths:1 Depths:2 Depths:3 Depths:4 Depths:5
Abyss: Depths:1 Depths:3 Depths:4
Pandemonium: Depths:1 Depths:3 Depths:5

Annotations:
D:4 exclusion: statue
Lair:2 exclusion: downstairs
Lair:3 tstbtto's ghost, journeyman GrFi
Lair:6 dire


Innate Abilities, Weirdness & Mutations

You reflexively headbutt those who attack you in melee.
You have a pair of horns on your head.
You are partially covered in slimy green scales. (AC +2)
You tend to lose your temper in combat.
Scrolls take you much longer to read.
Your body sometimes deteriorates upon taking damage.
You are very dopey. (Int -4)
You are frail. (-10% HP)
Your magical capacity is low. (-10% MP)

Vault maps used:
D:1:      minmay_arrival_five_plusses, minmay_crystal_water
D:2:      first_bread, minmay_misc_feat_tower
D:3:      grunt_ministairs_3
D:4:      kennysheep_spiral_hall, zin_scriptorium, vehumet_statue,
          small_statue_intersection
D:5:      uniq_edmund
D:6:      old_standard_altar
D:8:      minmay_tri_box, uniq_pikel, uniq_joseph
D:9:      marbit_many_paths, orc_david_3
D:10:     david_lair_shrubbed, hangedman_fish_farm, uniq_maud, uniq_erica,
          uniq_fannar, uniq_nergalle
D:12:     basic_loot_grate_trap, uniq_kirke
D:13:     nicolae_trove_entry_columns, uniq_azrael
D:14:     erik_vaults_1, minmay_misc_feat_pillars, kennysheep_potato
D:15:     hangedman_depths_entry_try_elsewhere_first, basic_altar
Temple:   dpeg_five_rooms_temple
Lair:1:   statuecave_lemuel
Lair:3:   guppyfry_snake_entry_garden, uniq_rupert
Lair:4:   minmay_swamp_entry_worms, st_stairs_7, serial_bayou_lake_a,
          grunt_megastairs_5
Lair:5:   beast_lair_carwin_3, serial_bayou_shore_a
Lair:6:   due_jungle_book, slime_dummy, grunt_megastairs_1
Swamp:1:  evilmike_swamp_ruin_house_1, swamp_pool3
Swamp:2:  evilmike_swamp_ruin_house_4
Swamp:3:  hangedman_swamp_ruin_wall, swamp_pool1, uniq_donald
Swamp:4:  swamp, swamp_pool3
Snake:1:  minmay_snake_pond, serial_bayou_shore_b, uniq_louise
Snake:2:  st_stairs_9
Snake:3:  st_stairs_4
Snake:4:  snake_pit, serial_shops, nicolae_shop_stone
Slime:1:  basic_altar
Orc:1:    nicolae_orc_lost_temple, uniq_snorg
Orc:2:    grunt_orc_community_town_hall, grunt_orc_community_big_house_2,
          grunt_orc_community_big_house_2, grunt_orc_community_house_3,
          grunt_orc_community_house_3, grunt_orc_community_house_1,
          grunt_orc_community_house_2, grunt_orc_community_house_1,
          grunt_orc_community_house_1, basic_altar, uniq_josephine
Vaults:1: nicolae_vaults_specimen_jars, nicolae_vaults_angled_halls,
          nicolae_vaults_border_crossing, st_cross,
          nicolae_vaults_network_square, v_misc_29, vaults_mumra_chevron,
          hangedman_vaults_snaps, grunt_vaults_swirl, v_misc_3,
          vaults_dpeg_cross, serial_shops, shop, uniq_nikola, uniq_saint_roka
Vaults:2: vaults_standard_mumra_x, vaults_mumra_hexcomb, v_misc_33,
          hangedman_vaults_locks, vaults_room_large_hall, vaults_room_fours,
          v_misc_4, vaults_dpeg_ring, serial_ice_g, serial_ice_m
Vaults:3: v_misc_28, nicolae_vaults_yaktaur_gun_rack, vaults_mumra_hex,
          nicolae_vaults_quartermaster, nicolae_vaults_ninety_degrees,
          minmay_crypt_entry_simple_round, ontoclasm_vaults_eye,
          grunt_vaults_bifocal, vaults_room_boxed, ontoclasm_vaults_ring_small,
          v_misc_19, v_misc_14
Vaults:4: v_misc_23, grunt_vaults_hallway_long, v_rooms_6,
          dpeg_vaults_monster_box, nicolae_vaults_bisected_inception,
          v_alt_pattern_2, v_pattern_5, nicolae_vaults_shelves_hall,
          vaults_room_fancy_cross, vaults_room_pools, nicolae_vaults_little_ls,
          serial_shops, shop
Depths:1: enter_ziggurat_d, rand_demon_pan_entry_3, hell_entry,
          serial_bayou_ford_a, abyss_entry, wad_scary_box
Depths:2: hangedman_elemental_death_ray, minmay_tree_intersection, hell_entry,
          kennysheep_random_hallway, infiniplex_staircase_pool_2
Depths:3: minmay_bloctagon, pan_entry, hell_entry,
          abyss_entry_small_statue_room, solitary_fountain,
          infiniplex_staircase_star
Depths:4: minmay_guarded_unrand_guard, hell_entry, abyss_entry,
          minmay_misc_feat_room, infiniplex_staircase_pillars_3b
Depths:5: lemuel_castle_with_subvaults, corexii_leaking_fountain,
          rand_demon_pan_entry_5, pf_dread_powers_of_hell
Zot:2:    basic_stair_grate_trap
Zot:3:    grunt_zot_stairs_mandelzot, lemuel_flame_loot_1
Zot:4:    grunt_zot_stairs_faceoff
Zig:6:    ziggurat_loot_2
Trove:    trove_jewellery_lava


Message History

The orc wizard shouts!
Unknown command.
Unknown command.
You bludgeon the orc warrior!! You burn the orc warrior!
You kill the orc warrior!
Pakellas accepts your kill.
You feel your power returning.
An orc and an orc wizard come into view.
Things that are here:
a dire flail; a chain mail; an orc corpse The orc shouts!
You bludgeon the orc wizard!! You burn the orc wizard.
You kill the orc wizard!
Pakellas accepts your kill.
You feel your power returning.
Things that are here:
a dagger; a robe; an orc corpse You bludgeon the orc!!
You burn the orc.
You kill the orc!
Pakellas accepts your kill.
There is a stone staircase leading up, spattered with blood here.
You see here a giant club.
Eat which item? (? for menu, Esc to quit)
You start eating one of the 10 meat rations.
You continue eating. x2
You finish eating.
That meat ration really hit the spot!
(D) Dungeon (T) Temple (L) Lair (S) Swamp (P) Snake Pit (M) Slime Pits (O) Orcish Mines (E) Elven Halls (V) Vaults (C) Crypt (U) Depths (H) Hell (Z) Zot
Where to? (Enter - D:6 @ (x,y), ? - help)
What level of the Dungeon? (default 1, ? - help)
You climb upwards.
There is a stone staircase leading down here.
A red devil comes into view. It is wielding a trident.
A red devil is nearby!
There is a stone staircase leading up here.
Things that are here:
a stone; a giant club You climb upwards.
Level annotation: exclusion: statue
There is a stone staircase leading down here.
Evoke which item? (* to show all) (? for menu, Esc to quit)
That item cannot be evoked!
Evoke which item? (* to show all) (? for menu, Esc to quit)
Zapping:
P - a wand of disintegration (22/24)
Press: ? - help, Shift-Dir - straight line The rock wall explodes into countless fragments.
This wand has 21 charges left.
There is a stone staircase leading up here.
You climb upwards.
There is a stone staircase leading down here.
(D) Dungeon (T) Temple (L) Lair (S) Swamp (P) Snake Pit (M) Slime Pits (O) Orcish Mines (E) Elven Halls (V) Vaults (C) Crypt (U) Depths (H) Hell (Z) Zot
Where to? (Enter - D:1, ? - help)
An ice devil comes into view.
An ice devil is nearby!
The ice devil misses you. You furiously retaliate!
You headbutt the ice devil. You hit the ice devil. You burn the ice devil.
The ice devil is filled with an inner flame.
You headbutt the ice devil!!
The ice devil is heavily wounded.
You closely miss the ice devil. You headbutt the ice devil.
The ice devil is severely wounded.
The ice devil barely misses you.
You hit the ice devil but do no damage. You headbutt the ice devil!
The ice devil explodes!
The fiery explosion engulfs you! Pakellas accepts your kill.
You feel your power returning.
A chaos spawn comes into view.
The chaos spawn is engulfed in roaring flames.
The chaos spawn is engulfed in roaring flames.
(D) Dungeon (T) Temple (L) Lair (S) Swamp (P) Snake Pit (M) Slime Pits (O) Orcish Mines (E) Elven Halls (V) Vaults (C) Crypt (U) Depths (H) Hell (Z) Zot
Where to? (Enter - D:1, ? - help)
A chaos spawn is nearby!
Unknown command.
A chaos spawn and a lorocyproca come into view.
There is a stone staircase leading up here.
You climb upwards.
There is a stone staircase leading down here.
(D) Dungeon (T) Temple (L) Lair (S) Swamp (P) Snake Pit (M) Slime Pits (O) Orcish Mines (E) Elven Halls (V) Vaults (C) Crypt (U) Depths (H) Hell (Z) Zot
Where to? (Enter - D:1, ? - help)
There is a stone staircase leading up here.
You climb upwards.
There is a stone staircase leading down here.
There is an open door here.
There is a staircase leading out of the dungeon here.
Wield which item (- for none, * to show all)? (? for menu, Esc to quit)
Okay, then.
Unknown command.
You have escaped!

##.##.######.....### #.#
#.##..............# ######.##
#.##.......#......# #..).....
#.###.....###.....# #.###..). #.#
#......#......# #.###....
#####.###.............# #........
........#..#..>#...#..####.##.###
#######.#.###.###.###.##.........
...####.#..#...#@..#...#.#..#.##.
≈≈≈≈≈≈≈................#.#....##.
≈≈≈≈≈#≈........#.................
≈###≈#≈.......###.....##.#...###.
≈≈≈≈≈#≈........#......##.........
≈≈≈≈≈≈≈#..............######.####
######.########.....### #.# #.#
###'####### #(# #.# #........#
#.#


There were no monsters in sight!

Vanquished Creatures
  the Royal Jelly (Slime:5)
  2 orbs of fire
  2 juggernauts (Depths:4)
  6 ancient liches (Zot:5)
  3 Killer Klowns
  5 caustic shrikes
  A curse toe (Zot:3)
  Saint Roka (Vaults:2)
  10 golden dragons
  2 bone dragons (Zot:3)
  Nikola (Vaults:1)
  A Tzitzimitl (Zig:5)
  5 electric golems
  A lich (Depths:3)
  A Brimstone Fiend (Depths:1)
  A pandemonium lord (Zig:5)
  8 tentacled monstrosities
  Rupert (Lair:3)
  26 Orb Guardians
  19 acid blobs
  A tentacled starspawn (Zig:8)
  6 death cobs
  Kirke (D:12)
  10 draconian monks
  2 thorn hunters
  3 shadow dragons
  11 greater nagas
  7 storm dragons
  7 fire giants
  16 azure jellies
  3 draconian knights
  A deep elf sorcerer (Vaults:1)
  A fire giant (shapeshifter) (Vaults:1)
  An iron dragon (Depths:4)
  Maud (D:10)
  7 vault wardens
  10 frost giants
  Louise (Snake:1)
  2 draconian scorchers
  Donald (Swamp:3)
  5 draconian shifters
  An emperor scorpion (Zig:10)
  4 ghost moths
  3 draconian zealots
  7 ironheart preservers
  A cacodemon (Zig:8)
  A blood saint (Zig:5)
  4 draconian annihilators
  5 draconian callers
  8 green draconians
  A reaper (Zig:5)
  12 very ugly things
  17 stone giants
  2 vampire knights
  An entropy weaver (Zig:10)
  11 black draconians
  A deep elf annihilator (Vaults:3)
  8 yellow draconians
  Azrael (D:13)
  2 lorocyprocas
  3 dire elephants
  11 red draconians
  13 purple draconians
  6 mottled draconians
  A deep elf death mage (Vaults:3)
  4 white draconians
  Snorg (Orc:1)
  8 ettins
  A deep elf high priest (Depths:4)
  2 green deaths (Zig:9)
  11 death oozes
  Josephine (Orc:2)
  3 jiangshi
  9 great orbs of eyes
  17 fire dragons
  7 rakshasas
  Fannar (D:10)
  3 vault guards
  11 ogre magi
  A hell beast (D:10)
  An anaconda (shapeshifter) (Depths:1)
  10 yaktaur captains
  6 anacondas
  17 hydras
  Erica (D:10)
  10 ice dragons
  A catoblepas (D:14)
  16 naga warriors
  3 spriggan air magi
  3 ghost crabs
  9 centaur warriors
  2 death knights
  The ghost of Daviar the Spear-Bearer, a journeyman TeBe of Trog (Lair:3)
  6 alligators
  2 dancing weapons (D:14)
  18 deep troll earth magi
  4 tengu warriors
  12 deep troll shamans
  3 vampire magi
  An orc high priest (Orc:2)
  2 spriggan berserkers (Depths:4)
  A soul eater (Depths:1)
  5 shock serpents
  Nergalle (D:10)
  A thrashing horror (Zig:8)
  13 naga sharpshooters
  6 spriggans
  2 deep elf knights
  A fire crab (Vaults:3)
  A skeletal warrior (Vaults:1)
  2 salamander mystics
  A sea snake (Snake:1)
  2 spriggan druids
  A spark wasp zombie (Zig:4)
  3 shadow wraiths
  10 iron trolls
  3 flayed ghosts
  5 giant orange brains
  28 deep trolls
  4 unseen horrors
  10 naga ritualists
  A storm dragon skeleton (Vaults:4)
  A phantasmal warrior (Vaults:3)
  3 tengu zombies
  A lindwurm (shapeshifter) (Depths:3)
  2 lindwurms (Depths:5)
  7 hill giants
  4 shambling mangroves
  6 necromancers
  9 swamp dragons
  Pikel (D:8)
  12 orc knights
  5 deep elf archers
  A shadow dragon zombie (Depths:2)
  11 ironbrand convokers
  2 orb spiders
  20 mana vipers
  3 wizards
  5 wolf spiders
  18 deep elf magi
  5 hornets
  11 shining eyes
  6 griffons
  A shadow dragon skeleton (Depths:2)
  40 ugly things
  8 cyclopes
  13 salamanders
  5 orc sorcerers
  3 sixfirhies
  12 elephants
  A manticore (D:13)
  Joseph (D:8)
  A fire giant skeleton (Depths:2)
  A fire giant zombie (Depths:2)
  36 naga magi
  A moth of wrath (shapeshifter) (Depths:3)
  13 moths of wrath
  An apocalypse crab (Zig:8)
  4 guardian serpents
  44 black mambas
  A rust devil (Zig:4)
  An orange demon (Zot:3)
  A smoke demon (Zig:8)
  10 spiny frogs
  An eye of devastation (Zig:6)
  2 hellions
  9 vault sentinels
  3 gargoyles
  An efreet (Depths:2)
  7 komodo dragons
  7 kobold demonologists
  2 demonic crawlers (Zig:10)
  6 freezing wraiths
  49 yaktaurs
  4 ice devils
  2 tormentors
  A rime drake (Lair:4)
  A hellwing (Depths:5)
  4 tengu conjurers
  The ghost of tstbtto the Cleaver, an amateur MiFi of Qazlal (D:4)
  10 trolls
  A sphinx simulacrum (Vaults:2)
  A merfolk (D:10)
  A meliai (shapeshifter) (Depths:3)
  A polar bear (shapeshifter) (Vaults:2)
  4 jumping spiders (Zig:10)
  6 bog bodies
  An iron dragon simulacrum (Depths:2)
  6 giant leeches
  19 two-headed ogres
  69 slime creatures
  28 blink frogs
  A stone giant simulacrum (Depths:2)
  2 raiju (Zig:8)
  11 redbacks
  8 air elementals
  5 boulder beetles
  A spriggan (shapeshifter) (Depths:5)
  4 shadows
  27 yaks
  A redback (shapeshifter) (Depths:3)
  4 tarantellas
  3 wyverns
  A basilisk (shapeshifter) (Vaults:1)
  4 water elementals
  5 wraiths
  4 ynoxinuls
  2 vampires
  5 fire elementals
  A golden eye (shapeshifter) (D:8)
  A basilisk (Lair:3)
  5 hogs
  4 fire bats
  4 golden eyes (Slime:1)
  3 hungry ghosts
  4 chaos spawn
  2 mottled dragons
  7 hippogriffs
  2 soldier ants
  32 vampire mosquitoes
  2 swamp worms (shapeshifter)
  3 insubstantial wisps (Swamp:3)
  44 nagas
  2 soldier ants (shapeshifter)
  12 swamp worms
  6 wargs
  A giant eyeball (shapeshifter) (Depths:5)
  16 water moccasins
  A porcupine (Lair:5)
  3 hell hounds
  50 orc warriors
  14 swamp drakes
  8 ice beasts
  A phantom (D:6)
  2 sky beasts
  3 ettin simulacra (Depths:2)
  10 eyes of draining
  The ghost of magipi the Skirmisher, an amateur MiAr (D:3)
  2 black bears
  16 wasps
  A necrophage (D:14)
  54 ogres
  5 boggarts (Depths:1)
  5 centaurs
  2 wolves
  A crocodile (shapeshifter) (Depths:1)
  2 elf skeletons
  11 crocodiles
  5 big kobolds
  2 small abominations (Zig:8)
  19 giant frogs
  A wyvern zombie (D:6)
  A water moccasin zombie (D:8)
  An earth elemental (Zig:1)
  A deep troll simulacrum (Vaults:2)
  6 scorpions
  A scorpion (shapeshifter) (Vaults:2)
  A human simulacrum (Vaults:4)
  11 killer bees (D:10)
  3 wights (D:11)
  3 electric eels
  2 howler monkeys
  10 crimson imps
  3 centaur zombies
  5 centaur skeletons
  2 iron imps
  2 jellies
  3 hounds
  A quasit (D:8)
  28 orc priests
  7 iguanas
  42 orc wizards
  10 worker ants
  6 sheep (Lair:4)
  A killer bee zombie (D:9)
  2 hound zombies
  3 hound skeletons
  A worker ant zombie (D:6)
  A howler monkey zombie (D:9)
  12 adders
  52 river rats
  4 shadow imps
  2 white imps (Vaults:2)
  2 ufetubi
  An ooze (D:7)
  An adder skeleton (D:10)
  A worm (D:3)
  5 dart slugs
  2 giant geckos
  133 orcs
  3 ball pythons
  8 bats
  12 giant cockroaches
  5 goblins
  4 hobgoblins
  14 jackals
  23 kobolds
  3 quokkas
  9 giant newts
  A quokka skeleton (D:4)
  7 rats
  A briar patch (Swamp:1)
  5 plants
  A starspawn tentacle segment (Zig:8)
2131 creatures vanquished.

Vanquished Creatures (collateral kills)
  The ghost of tstbtto the Severer, an adept DDFi of Yredelemnul (Snake:4)
  A greater naga (Snake:4)
  2 dire elephants (Lair:6)
  An ettin (Depths:1)
  An ogre mage (Vaults:1)
  A hydra (Swamp:4)
  A death knight (Vaults:4)
  A naga sharpshooter (Snake:4)
  A spriggan druid (Swamp:2)
  2 shambling mangroves
  An ironbrand convoker (Vaults:4)
  A salamander (Snake:1)
  A fire giant skeleton (Vaults:4)
  5 naga magi
  2 efreet (Depths:2)
  A komodo dragon (Lair:4)
  A yaktaur (Vaults:4)
  A tengu conjurer (Depths:2)
  A giant leech (Lair:4)
  A two-headed ogre (Vaults:1)
  2 blink frogs (Lair:4)
  A slime creature (Slime:5)
  A redback (Zig:10)
  A spriggan (Swamp:2)
  A yak (D:10)
  A hog (D:12)
  A deep troll zombie (Vaults:4)
  A vampire mosquito (Swamp:3)
  A swamp worm (Swamp:2)
  4 nagas (Snake:4)
  A water moccasin (Lair:4)
  2 swamp drakes
  2 orc warriors
  2 wasps (Swamp:3)
  4 wolves (Lair:5)
  A howler monkey (D:5)
  3 orc priests
  2 orc wizards (D:10)
  9 orcs
67 creatures vanquished.

Vanquished Creatures (others)
  An orb of fire (Zot:5)
  A storm dragon (Zot:3)
  A fire giant (Depths:4)
  A draconian zealot (Zot:3)
  An ettin (Depths:1)
  2 hydras (Swamp:4)
  2 anacondas
  A shock serpent (Snake:4)
  5 black mambas
  2 swamp dragons (Swamp:4)
  A hill giant (Vaults:1)
  2 moths of wrath (Zot:3)
  A sixfirhy (Depths:2)
  An elephant (Lair:6)
  A frost giant skeleton (Depths:2)
  2 naga magi (Snake:4)
  2 spiny frogs
  A komodo dragon (D:12)
  2 orc warriors
  A giant leech (Swamp:2)
  A two-headed ogre (Vaults:1)
  A boulder beetle (Vaults:3)
  A wyvern (D:14)
  A hippogriff (Lair:6)
  A swamp worm (Swamp:2)
  4 nagas
  Edmund (D:5)
  A water moccasin (Lair:5)
  2 swamp drakes
  2 slaves (D:8)
  A wasp (Swamp:2)
  A phantom (D:8)
  4 ogres
  A wolf (Lair:3)
  An orc (D:4)
  A briar patch (Swamp:1)
  A fungus (Lair:6)
  30 plants
  2 starspawn tentacles (Zig:8)
  6 starspawn tentacle segments (Zig:8)
94 creatures vanquished.

Grand Total: 2292 creatures vanquished

Action                   |  1- 3 |  4- 6 |  7- 9 | 10-12 | 13-15 | 16-18 | 19-21 | 22-24 | 25-27 || total
-------------------------+-------+-------+-------+-------+-------+-------+-------+-------+-------++-------
Melee: Short sword       |    96 |   185 |       |       |       |       |       |       |       ||   281
       Headbutt          |    16 |    41 |    78 |   221 |   543 |   630 |   907 |   431 |    73 ||  2940
       Dagger            |       |    58 |   108 |       |       |       |       |       |       ||   166
       Kick              |       |     9 |   111 |    11 |       |       |       |       |       ||   131
       Whip              |       |       |   128 |   647 |  1636 |  1498 |  1981 |   220 |       ||  6110
       Great mace        |       |       |       |       |     4 |       |       |   731 |    93 ||   828
       Eveningstar       |       |       |       |       |       |       |       |    68 |    83 ||   151
 Fire: Blowgun           |       |       |    14 |       |       |       |       |       |    28 ||    42
Throw: Throwing net      |       |       |       |       |       |       |     1 |     1 |     1 ||     3
Invok: Quick Charge      |       |     1 |     2 |     7 |    27 |    34 |    15 |     7 |     5 ||    98
 Abil: Evoke Blink       |       |       |       |       |       |     1 |       |       |       ||     1
Evoke: Wand              |     6 |    20 |    23 |    84 |   212 |   134 |    74 |    71 |    23 ||   647
       Box of beasts     |       |       |       |       |     6 |     4 |     1 |       |       ||    11
       Phial of floods   |       |       |       |       |       |     4 |     4 |     3 |       ||    11
       Sack of spiders   |       |       |       |       |       |       |     1 |       |       ||     1
       Lamp of fire      |       |       |       |       |       |       |       |     2 |       ||     2
       Phantom mirror    |       |       |       |       |       |       |       |     1 |       ||     1
  Use: Potion            |       |     2 |       |       |     3 |     8 |     1 |    17 |     5 ||    36
       Scroll            |       |       |    19 |     9 |    36 |    11 |     8 |    21 |     3 ||   107
 Stab: Confused          |       |       |    13 |    61 |    26 |       |       |     1 |       ||   101
       Paralysed         |       |       |       |     9 |   115 |    30 |    32 |       |       ||   186
       Distracted        |       |       |       |       |     6 |     1 |     1 |     2 |       ||    10
       Invisible         |       |       |       |       |       |     3 |       |     1 |       ||     4
       Held in net/web   |       |       |       |       |       |       |     3 |     2 |     1 ||     6
       Sleeping          |       |       |       |       |       |       |     1 |       |       ||     1
  Eat: Chunk             |     2 |     9 |     8 |     7 |     9 |     4 |    10 |    11 |       ||    60
       Meat ration       |       |       |     1 |       |     4 |     3 |     2 |     1 |     1 ||    12
       Beef jerky        |       |       |       |     3 |     3 |       |       |       |       ||     6
       Royal jelly       |       |       |       |     3 |       |       |       |     4 |       ||     7
       Pizza             |       |       |       |     2 |     1 |     3 |     1 |       |       ||     7
       Fruit             |       |       |       |     3 |     4 |    10 |       |     5 |       ||    22
       Bread ration      |       |       |       |     1 |     6 |     1 |     4 |     2 |       ||    14
Armor: Leather armour    |    10 |       |       |       |       |       |       |       |       ||    10
       Chain mail        |    36 |   127 |    25 |       |    17 |       |       |       |       ||   205
       Skin              |       |     7 |       |       |       |       |       |       |       ||     7
       Scale mail        |       |       |    53 |   128 |   246 |       |    38 |    72 |       ||   537
       Plate armour      |       |       |       |       |   220 |   321 |   394 |   519 |    95 ||  1549
Dodge: Dodged            |    54 |    70 |    89 |   168 |   649 |   545 |   828 |   896 |   168 ||  3467
Block: Buckler           |       |       |       |       |       |   354 |   500 |    81 |       ||   935

Action                   |  1- 3 |  4- 6 |  7- 9 | 10-12 | 13-15 | 16-18 | 19-21 | 22-24 | 25-27 || total
-------------------------+-------+-------+-------+-------+-------+-------+-------+-------+-------++-------
Melee: Short sword       |    96 |   185 |       |       |       |       |       |       |       ||   281
       Headbutt          |    16 |    41 |    78 |   221 |   543 |   630 |   907 |   431 |    73 ||  2940
       Dagger            |       |    58 |   108 |       |       |       |       |       |       ||   166
       Kick              |       |     9 |   111 |    11 |       |       |       |       |       ||   131
       Whip              |       |       |   128 |   647 |  1636 |  1498 |  1981 |   220 |       ||  6110
       Great mace        |       |       |       |       |     4 |       |       |   731 |    93 ||   828
       Eveningstar       |       |       |       |       |       |       |       |    68 |    83 ||   151
 Fire: Blowgun           |       |       |    14 |       |       |       |       |       |    28 ||    42
Throw: Throwing net      |       |       |       |       |       |       |     1 |     1 |     1 ||     3
Invok: Quick Charge      |       |     1 |     2 |     7 |    27 |    34 |    15 |     7 |     5 ||    98
 Abil: Evoke Blink       |       |       |       |       |       |     1 |       |       |       ||     1
Evoke: Wand              |     6 |    20 |    23 |    84 |   212 |   134 |    74 |    71 |    23 ||   647
       Box of beasts     |       |       |       |       |     6 |     4 |     1 |       |       ||    11
       Phial of floods   |       |       |       |       |       |     4 |     4 |     3 |       ||    11
       Sack of spiders   |       |       |       |       |       |       |     1 |       |       ||     1
       Lamp of fire      |       |       |       |       |       |       |       |     2 |       ||     2
       Phantom mirror    |       |       |       |       |       |       |       |     1 |       ||     1
  Use: Potion            |       |     2 |       |       |     3 |     8 |     1 |    17 |     5 ||    36
       Scroll            |       |       |    19 |     9 |    36 |    11 |     8 |    21 |     3 ||   107
 Stab: Confused          |       |       |    13 |    61 |    26 |       |       |     1 |       ||   101
       Paralysed         |       |       |       |     9 |   115 |    30 |    32 |       |       ||   186
       Distracted        |       |       |       |       |     6 |     1 |     1 |     2 |       ||    10
       Invisible         |       |       |       |       |       |     3 |       |     1 |       ||     4
       Held in net/web   |       |       |       |       |       |       |     3 |     2 |     1 ||     6
       Sleeping          |       |       |       |       |       |       |     1 |       |       ||     1
  Eat: Chunk             |     2 |     9 |     8 |     7 |     9 |     4 |    10 |    11 |       ||    60
       Meat ration       |       |       |     1 |       |     4 |     3 |     2 |     1 |     1 ||    12
       Beef jerky        |       |       |       |     3 |     3 |       |       |       |       ||     6
       Royal jelly       |       |       |       |     3 |       |       |       |     4 |       ||     7
       Pizza             |       |       |       |     2 |     1 |     3 |     1 |       |       ||     7
       Fruit             |       |       |       |     3 |     4 |    10 |       |     5 |       ||    22
       Bread ration      |       |       |       |     1 |     6 |     1 |     4 |     2 |       ||    14
Armor: Leather armour    |    10 |       |       |       |       |       |       |       |       ||    10
       Chain mail        |    36 |   127 |    25 |       |    17 |       |       |       |       ||   205
       Skin              |       |     7 |       |       |       |       |       |       |       ||     7
       Scale mail        |       |       |    53 |   128 |   246 |       |    38 |    72 |       ||   537
       Plate armour      |       |       |       |       |   220 |   321 |   394 |   519 |    95 ||  1549
Dodge: Dodged            |    54 |    70 |    89 |   168 |   649 |   545 |   828 |   896 |   168 ||  3467
Block: Buckler           |       |       |       |       |       |   354 |   500 |    81 |       ||   935
